 Dungeon Crawl Stone Soup version 0.28-b1-25-g9875b3fc8c (webtiles) character file.

Game seed: 17701731007427532203

69 adizb the Grave Robber (level 4, -4/31 HPs)
             Began as a Mummy Necromancer on Feb 2, 2022.
             Slain by a gnoll (7 damage)
             ... on level 2 of the Dungeon.
             The game lasted 00:12:24 (1057 turns).

adizb the Grave Robber (Mummy Necromancer)          Turns: 1057, Time: 00:12:25

Health: -4/31      AC:  3    Str: 11    XL:     4   Next: 2%
Magic:  1/9        EV: 12    Int: 16    God:
Gold:   58         SH:  0    Dex: 12    Spells: 5/10 levels left

rFire   x . .      SeeInvis .   b - +8 arc blade {discharge, rElec}
rCold   + . .      Faith    .   (no shield)
rNeg    + + +      Spirit   .   a - +1 robe
rPois   ∞          Reflect  .   (no helmet)
rElec   +          Harm     .   (no cloak)
rCorr   .          Rampage  .   (no gloves)
Will    .....                   (no boots)
Stlth   ++........              (no amulet)
HPRegen 0.10/turn               (no ring)
MPRegen 0.11/turn               (no ring)

@: no status effects
A: cold resistance 1, negative energy resistance 3, torment resistance 2, heat
vulnerability 1, no potions
a: no special abilities


You were on level 2 of the Dungeon.
You visited 1 branch of the dungeon, and saw 2 of its levels.

You collected 58 gold pieces.

Inventory:

Hand Weapons
 b - the +8 arc blade (weapon) {discharge, rElec}
   (You acquired it on level 1 of the Dungeon)

   It occasionally unleashes powerful arcs of lightning upon striking a foe.
   These may arc to other adjacent creatures (including the wielder, but dealing
   reduced damage to them) before grounding out.
   rElec:     It insulates you from electricity.
Armour
 a - a +1 robe (worn)


   Skills:
 + Level 0.6 Fighting
 + Level 0.5 Short Blades
 + Level 1.9 Dodging
 - Level 1.5 Stealth
 + Level 0.8 Shields
 * Level 3.7 Spellcasting
 * Level 4.4 Necromancy


You had 5 spell levels left.
You knew the following spells:

 Your Spells              Type           Power      Damage    Failure   Level
a - Pain                  Necr           68%        1d7       2%          1
b - Animate Skeleton      Necr           34%        N/A       2%          1
c - Vampiric Draining     Necr           17%        2d7       9%          3

Your spell library contained the following spells:

 Spells                   Type           Power      Damage    Failure   Level
 Animate Dead             Necr           8%         N/A       28%         4
 Agony                    Necr           17%        N/A       61%         5


Dungeon Overview and Level Annotations

Branches:
Dungeon (2/15)

Altars:


Innate Abilities, Weirdness & Mutations

You are immune to poison.
Your flesh is cold resistant. (rC+)
You are immune to negative energy. (rN+++)
You are immune to unholy pain and torment.
You are vulnerable to heat. (rF-)
You do not drink.


Message History

* * * LOW HITPOINT WARNING * * *
Press: ? - help, . - travel You can't see that place. [the floor.]
You puncture the gnoll!
You kill the gnoll!
The gnoll hits you from afar with a +0 spear.
* * * LOW HITPOINT WARNING * * *
You have reached level 4!
Casting: Vampiric Draining (quite dangerous; 9% risk of failure)
Confirm with . or Enter, or press ? or * to list all spells.
You don't know that spell.
Casting: Vampiric Draining (quite dangerous; 9% risk of failure)
Confirm with . or Enter, or press ? or * to list all spells.
You can't see any susceptible monsters within range! (Use Z to cast anyway.)
Casting: Vampiric Draining (quite dangerous; 9% risk of failure)
Confirm with . or Enter, or press ? or * to list all spells.
Aiming: Pain (safe; 2% risk of failure)
Press: ? - help, Shift-Dir - straight line, f - gnoll
Aim: a gnoll, wielding a +0 spear (chance to affect: 81%)
The gnoll writhes in agony.
The gnoll misses you.
You hit the gnoll.
The gnoll is moderately wounded.
The gnoll barely misses you.
You barely miss the gnoll.
The gnoll is moderately wounded.
The gnoll barely misses you. The gnoll hits you with a +0 spear!
* * * LOW HITPOINT WARNING * * *
Casting: Pain (safe; 2% risk of failure)
Confirm with . or Enter, or press ? or * to list all spells.
The spell is quite dangerous to miscast (9% risk of failure)!
Continue anyway?
Uppercase [Y]es or [N]o only, please.
The spell is quite dangerous to miscast (9% risk of failure)!
Continue anyway?
Aiming: Vampiric Draining (quite dangerous; 9% risk of failure)
Press: ? - help, Shift-Dir - straight line, f/p - gnoll
Aim: a gnoll, wielding a +0 spear (moderately wounded)
You draw life force from the gnoll.
You feel life coursing into your body. The gnoll hits you with a +0 spear!
You die...

................#..##.###########
........#........#..............#
..#####.###......#..............#
#.# #...##..).................#
#.## ##.###....#....#...#######
#..#### #.# #....#.#......##
......# #.# #......#.......##
....(.###.# #.....##........#
.......##.###...@g........#.#
.................#####......###
............#.#### ##.......#
#######.......# #...##..##
#.......# #...###..# #.......#
##### #..# #####...# #..# #####
##.# ###


You could see a gnoll.

Vanquished Creatures
  2 adders (D:2)
  2 gnolls (D:2)
  A dart slug (D:2)
  6 bats
  An endoplasm (D:2)
  A giant cockroach (D:2)
  A goblin (D:1)
  4 hobgoblins (D:2)
  2 jackals (D:1)
  5 kobolds
  2 frilled lizards (D:2)
  2 rats
29 creatures vanquished.

Notes
Turn   | Place    | Note
-------+----------+-------------------------------------------
     0 | D:1      | adizb the Mummy Necromancer began the quest for the Orb.
     0 | D:1      | Reached XP level 1. HP: 13/13 MP: 4/4
    47 | D:1      | Learned a level 1 spell: Animate Skeleton
   166 | D:1      | Identified a scroll of acquirement
   166 | D:1      | Acquired the +8 arc blade {discharge, rElec}
   166 | D:1      | Found the +8 arc blade {discharge, rElec}
   475 | D:1      | Found a faded altar of an unknown god.
   640 | D:2      | Reached XP level 2. HP: 8/19 MP: 1/6
   796 | D:2      | Reached XP level 3. HP: 16/25 MP: 2/7
   890 | D:2      | Learned a level 3 spell: Vampiric Draining
  1040 | D:2      | Reached XP level 4. HP: 6/31 MP: 3/9
  1056 | D:2      | HP: 1/31 [gnoll (7)]
  1057 | D:2      | Slain by a gnoll

Illustrated notes

Levels and vault maps discovered:
D:1:      dpeg_arrival_leaves_temple_mockup, layout_basic,
          ebering_ecumenical_altar_rust, st_stairs_13, minmay_strange_pillars
D:2:      layout_rooms, st_stairs_6, minmay_diced_spiral

Skill      XL: |  1 |
---------------+----+-----
Spellcasting   | 3 |  3.7
Fighting       | |  0.6
Short Blades   | |  0.5
Dodging        | |  1.9
Stealth        | |  1.5
Shields        | |  0.8
Necromancy     | |  4.4

Action                   |  1- 3 |  4- 6 || total
-------------------------+-------+-------++-------
Melee: Rapier            |    32 |     2 ||    34
 Cast: Pain              |    32 |     1 ||    33
       Vampiric Draining |     1 |     1 ||     2
  Use: Scroll            |     5 |       ||     5
Armor: Robe              |     3 |       ||     3
Dodge: Dodged            |    23 |     3 ||    26
